 Dungeon Crawl Stone Soup version 0.22-a0-422-g9628fc8 (webtiles) character file.

155 Borgoz the Skirmisher (level 5, 0/45 (46) HPs)
             Began as a Ghoul Abyssal Knight on May 22, 2018.
             Was a Believer of Lugonu.
             Slain by a crimson imp (1 damage)
             ... on level 5 of the Dungeon.
             The game lasted 00:04:20 (2546 turns).

Borgoz the Skirmisher (Ghoul Abyssal Knight)        Turns: 2546, Time: 00:04:21

HP:   0/45 (46)     AC:  4    Str: 14 (16) XL:     5   Next: 37%
MP:   6/6           EV: 12    Int:  5 (7)  God:    Lugonu [**....]
Gold: 119           SH:  0    Dex:  8 (9)  Spells: 4/4 levels left

rFire    . . .     SeeInvis .     - Unarmed
rCold    + . .     Gourm    .   (no shield)
rNeg     + + +     Faith    .   a - +0 leather armour
rPois    ∞         Spirit   .   (no helmet)
rElec    .         Reflect  .   (no cloak)
rCorr    .         Harm     .   (no gloves)
MR       .....                  (no boots)
Stlth    +.........             (no amulet)
HPRegen  0.00/turn              f - ring of wizardry
MPRegen  0.10/turn              d - +1 ring of protection

@: rotting
A: rotting body, claws 1, carnivore, cold resistance 1, negative energy
resistance 3, inhibited regeneration, torment resistance, unbreathing
a: Depart the Abyss, Bend Space, Renounce Religion


You were on level 5 of the Dungeon.
You worshipped Lugonu.
Lugonu was pleased with you.
You were not hungry.

You visited 1 branch of the dungeon, and saw 5 of its levels.
You visited the Abyss 1 time.

You collected 119 gold pieces.

Inventory:

Armour
 a - a +0 leather armour (worn)
Jewellery
 d - a +1 ring of protection (right claw)
 f - a ring of wizardry (left claw)
 g - an uncursed ring of ice
Wands
 p - a wand of polymorph (11)
Scrolls
 e - 3 scrolls of amnesia {unknown}
 h - a scroll of immolation {unknown}
 i - a scroll of blinking {unknown}
 j - a scroll of remove curse {unknown}
 n - 2 scrolls of magic mapping {unknown}
 q - a scroll of noise {unknown}
Potions
 k - a potion of cancellation
 m - a potion of agility {unknown}
Comestibles
 b - 10 rations


   Skills:
 + Level 3.9 Fighting
 * Level 3.0 Armour
 * Level 2.4 Dodging
 + Level 3.0 Unarmed Combat
 + Level 2.6 Invocations


You had 4 spell levels left.
You didn't know any spells.
Your spell library contained the following spells:

 Spells                   Type           Power        Failure   Level  Hunger
 Confuse                  Hex            #.......     58%         3    ####...
 Confusing Touch          Hex            #.....       26%         1    ##.....
 Metabolic Englaciation   Hex/Ice        #.........   99%         5    ######.
 Petrify                  Tmut/Erth      #.......     92%         4    #####..
 Gell's Gravitas          Tloc           #.........   58%         3    ####...
 Yara's Violent Unravell  Hex/Tmut       #.........   99%         5    ######.


Dungeon Overview and Level Annotations

Branches:
Dungeon (5/15)
 Temple: D:4-7

Altars:
Dithmenos


Innate Abilities, Weirdness & Mutations

Your body is rotting away.
You thrive on raw meat.
You are immune to poison.
You have sharp fingernails.
You are carnivorous and can eat meat at any time.
Your flesh is cold resistant. (rC+)
You are immune to negative energy. (rN+++)
You do not regenerate when monsters are visible.
You are immune to unholy pain and torment.
You can survive without breathing.


Message History

You completely miss the crimson imp.
The crimson imp is heavily wounded.
The crimson imp closely misses you.
You barely miss the crimson imp.
The crimson imp is moderately wounded.
The crimson imp barely misses you.
You claw the crimson imp!
The crimson imp is almost dead.
The crimson imp barely misses you.
You barely miss the crimson imp.
The crimson imp is severely wounded.
The crimson imp completely misses you.
You scratch the crimson imp.
The crimson imp is almost dead.
The crimson imp hits you.
* * * LOW HITPOINT WARNING * * *
You miss the crimson imp.
The crimson imp is almost dead.
The crimson imp hits you.
You die...

..Z.......#
..........#
..###...######
#...##...##
#.........# ...
#.........# ..).
#.........# ....
#...###...#
.....
#..Z5@'..##
...[.##...######
..........#
..........#
..........#
.....##...#
..... #'### ...?
... .. .....


You could see a crimson imp and an adder zombie.

Vanquished Creatures
  A bullfrog (D:3)
  2 adders
  An ooze (D:1)
  2 worms (D:3)
  4 leopard geckos
  6 orcs (D:3)
  3 giant cockroaches
  7 goblins
  6 hobgoblins
  2 jackals (D:3)
  6 bats
  4 frilled lizards
  A jackal skeleton (D:3)
  5 kobolds
  5 rats
55 creatures vanquished.

Notes
Turn   | Place    | Note
-------+----------+-------------------------------------------
     0 | Abyss:1  | Borgoz the Ghoul Abyssal Knight began the quest for the Orb.
     0 | Abyss:1  | Reached XP level 1. HP: 19/19 MP: 1/1
    39 | Abyss:1  | Noticed a starcursed mass
    40 | D:1      | Escaped the Abyss
   143 | D:1      | Reached skill level 1 in Dodging
   389 | D:1      | Reached XP level 2. HP: 20/26 MP: 2/2
   924 | D:2      | Reached XP level 3. HP: 28/29 MP: 3/3
   945 | D:2      | Reached * piety under Lugonu
  1515 | D:3      | Noticed a bullfrog
  1523 | D:3      | Killed a bullfrog
  1523 | D:3      | Reached XP level 4. HP: 10/40 MP: 4/4
  1523 | D:3      | Reached XP level 5. HP: 12/46 MP: 5/5
  1734 | D:4      | Noticed an ogre
  2081 | D:3      | Reached ** piety under Lugonu
  2194 | D:4      | HP: 1/46 [ogre/giant club (20)]
  2204 | D:5      | Entered Level 5 of the Dungeon
  2403 | D:5      | Found a shadowy altar of Dithmenos.
  2545 | D:5      | HP: 1/45 [crimson imp (4)]
  2546 | D:5      | Slain by a crimson imp

Vault maps used:
D:1:      dpeg_arrival_solitude
D:2:      minmay_misc_feat_doors, patterned_corridor
D:4:      temple_doors_cd, first_ration, kennysheep_generic_room_14
D:5:      kennysheep_mini, serial_shops, shop, uniq_blork_the_orc,
          uniq_crazy_yiuf_cottage

Skill      XL: |  1  2  3  4  5 |
---------------+----------------+-----
Dodging        | 1 2 |  2.4
Armour         | 2 3 |  3.0
Unarmed Combat | 3 |  3.0
Fighting       | |  3.9
Invocations    | |  2.6

Action                   |  1- 3 |  4- 6 || total
-------------------------+-------+-------++-------
Melee: Unarmed           |   125 |   156 ||   281
       Punch             |     1 |       ||     1
Invok: Depart the Abyss  |     1 |       ||     1
       Bend Space        |       |     1 ||     1
  Use: Potion            |       |     4 ||     4
       Scroll            |       |     3 ||     3
  Eat: Chunk             |    11 |    12 ||    23
Armor: Leather armour    |    41 |    29 ||    70
Dodge: Dodged            |    93 |    90 ||   183

Table legend:
 A = Spawn XP
 B = Non-spawn XP
 C = Spawn XP percentage of total XP
 D = Spawn monster count
 E = Non-spawn monster count
 F = Spawn count percentage of total count
 G = Total turns spent on level
                    A         B        C        D         E        F      G
               +---------+---------+-------+---------+---------+-------+---------
         Total |       0 |     222 |   0.0 |       0 |      55 |   0.0 |  2546
               +---------+---------+-------+---------+---------+-------+---------
           D:1 |       0 |      30 |   0.0 |       0 |      15 |   0.0 |   851
           D:2 |       0 |      40 |   0.0 |       0 |      18 |   0.0 |   577
           D:3 |       0 |     139 |   0.0 |       0 |      21 |   0.0 |   653
           D:5 |       0 |      13 |   0.0 |       0 |       1 |   0.0 |   342
               +---------+---------+-------+---------+---------+-------+---------
